 Dungeon Crawl Stone Soup version 0.28.0-43-g3370ac3207 (webtiles) character file.

Game seed: 11119442655182851019

917 desertcruiser the Chopper (level 8, -4/68 HPs)
             Began as a Hill Orc Fighter on Mar 12, 2022.
             Was a Believer of Beogh.
             Slain by an unseen horror (9 damage)
             ... on level 6 of the Dungeon.
             The game lasted 00:35:47 (8652 turns).

desertcruiser the Chopper (Hill Orc Fighter)        Turns: 8652, Time: 00:35:48

Health: -4/68      AC:  4    Str: 21    XL:     8   Next: 9%
Magic:  8/8        EV:  8    Int:  8    God:    Beogh [**....]
Gold:   194        SH:  4    Dex: 10    Spells: 7/7 levels left

rFire   + . .      SeeInvis .   C - staff of fire
rCold   . . .      Faith    .   c - +0 buckler
rNeg    . . .      Spirit   .   E - +0 chain mail
rPois   .          Reflect  .   k - +0 helmet
rElec   .          Harm     .   (no cloak)
rCorr   .          Rampage  .   h - +0 pair of gloves
Will    .....                   (no boots)
Stlth   ..........              (no amulet)
HPRegen 0.21/turn               x - ring of wizardry
MPRegen 0.11/turn               (no ring)

@: corroded
A: no striking features
a: Renounce Religion, Smiting


You were on level 6 of the Dungeon.
You worshipped Beogh.
Beogh was pleased with you.
You visited 2 branches of the dungeon, and saw 7 of its levels.

You collected 238 gold pieces.
You spent 44 gold pieces at shops.

Inventory:

Hand Weapons
 b - a +0 war axe
 o - a +0 arbalest
 F - a +0 halberd of venom
 I - a +2 vorpal hunting sling
Missiles
 e - 51 sling bullets
 r - 120 stones (quivered)
 w - 42 arrows
 B - 51 bolts
 L - 7 poisoned darts
 N - 3 silver javelins
Armour
 c - a +0 buckler (worn)
 h - a +0 pair of gloves (worn)
 j - a +2 leather armour of cold resistance
 k - a +0 helmet (worn)
 E - a +0 chain mail (worn)
Magical Staves
 C - a staff of fire (weapon)
Jewellery
 x - a ring of wizardry (left hand)
Wands
 A - a wand of acid (5)
 J - a wand of polymorph (16)
Scrolls
 g - 5 scrolls of fear
 m - 6 scrolls of teleportation
 n - 2 scrolls of amnesia
 D - a scroll of summoning {unknown}
 H - a scroll of enchant weapon {unknown}
 O - a scroll of holy word {unknown}
 Q - a scroll of magic mapping {unknown}
 R - a scroll of noise {unknown}
Potions
 a - a potion of flight {unknown}
 d - a potion of might
 i - a potion of heal wounds
 p - a potion of attraction {unknown}
 t - 8 potions of curing
 z - a potion of brilliance {unknown}
 K - a potion of resistance {unknown}


   Skills:
 + Level 5.1 Fighting
 + Level 7.1 Axes
 + Level 1.3 Staves
 + Level 2.6 Slings
 + Level 5.8 Armour
 + Level 1.5 Dodging
 + Level 0.3 Stealth
 + Level 4.1 Shields


You had 7 spell levels left.
You didn't know any spells.
Your spell library contained the following spells:

 Spells                   Type           Power      Damage    Failure   Level
 Airstrike                Air            0%         N/A       100%        4
 Summon Lightning Spire   Summ/Air       0%         N/A       100%        4
 Lightning Bolt           Conj/Air       0%         1d11      100%        5


Dungeon Overview and Level Annotations

Branches:
Dungeon (6/15)             Temple (1/1) D:5

Altars:
Cheibriados
Fedhas

Shops:
D:3 ?


Message History

The jelly is moderately wounded.
Something hits you. The jelly hits you but does no damage.
Hit: C) staff of fire
Press: ? - help, Dir - move target, f/p - jelly
Aim: a jelly (moderately wounded, about 10% to evade your staff of fire)
You hit the jelly. The acid corrodes you!
Your hands burn!
The jelly is severely wounded.
Something hits you. The jelly hits you but does no damage.
Hit: C) staff of fire
Press: ? - help, Dir - move target, f/p - jelly
Aim: a jelly (severely wounded, about 10% to evade your staff of fire)
You completely miss the jelly.
The jelly is severely wounded.
Something hits you. The jelly barely misses you. The jelly hits you.
The acid corrodes you!
You are splashed with acid.
Hit: C) staff of fire
Press: ? - help, Dir - move target, f/p - jelly
Aim: a jelly (severely wounded, about 10% to evade your staff of fire)
You hit the jelly but do no damage.
Your hands burn!
The jelly is severely wounded.
Something hits you but does no damage. The jelly hits you but does no damage.
Unknown command.
Hit: C) staff of fire
Press: ? - help, Dir - move target, f/p - jelly
Aim: a jelly (severely wounded, about 10% to evade your staff of fire)
You hit the jelly.
Your hands burn!
The jelly is severely wounded.
Something hits you! The jelly hits you but does no damage.
Hit: C) staff of fire
Press: ? - help, Dir - move target, f/p - jelly
Aim: a jelly (severely wounded, about 10% to evade your staff of fire)
You hit the jelly but do no damage.
Your hands burn!
* * * LOW HITPOINT WARNING * * *
The jelly is severely wounded.
Something hits you.
* * * LOW HITPOINT WARNING * * *
The jelly barely misses you. Something hits you!
* * * LOW HITPOINT WARNING * * *
Something hits you!
You die...

...# ........# ...#
........# ...# ........#
...### ........# ###
.....# #....(...## ..#
.....# #.....(.(. ...
.....###........##.#
........>.......J..#
#.....##.##....#@######
#.....##.#...#.#.....<##
......##.#.............#
.........#..........##.#
.....###..#..........#.#
.##### #......#####.##.#
..# ##......#^...##<#
..# #..$...##.#.#### ..#
##.....##.#.#


You could see a jelly.

Vanquished Creatures
  Sigmund (D:3)
  A phantom (D:6)
  A bullfrog (D:5)
  A wyvern skeleton (D:4)
  The ghost of Elsvaer the Conjurer, a weakling DECj (D:4)
  4 hounds
  A centaur skeleton (D:6)
  2 iguanas
  A bullfrog skeleton (D:6)
  A scorpion zombie (D:5)
  A hound zombie (D:5)
  A hound skeleton (D:5)
  2 howler monkey zombies
  Robin (D:2)
  8 gnolls
  3 adders
  A white imp (D:5)
  An ufetubus (D:5)
  An adder skeleton (D:4)
  4 worms
  2 dart slugs
  5 orcs
  11 endoplasms
  2 giant cockroaches
  13 goblins
  9 hobgoblins
  3 jackals (D:1)
  6 quokkas
  10 ball pythons
  5 bats
  A frilled lizard (D:2)
  7 kobolds
  7 rats
118 creatures vanquished.

Vanquished Creatures (others)
  A phantom (D:3)
  2 orcs (D:3)
3 creatures vanquished.

Grand Total: 121 creatures vanquished

Notes
Turn   | Place    | Note
-------+----------+-------------------------------------------
     0 | D:1      | desertcruiser the Hill Orc Fighter began the quest for the
                  | Orb.
     0 | D:1      | Reached XP level 1. HP: 19/19 MP: 1/1
   136 | D:1      | Reached XP level 2. HP: 24/27 MP: 2/2
   216 | D:1      | Reached skill level 3 in Axes
   556 | D:1      | Reached XP level 3. HP: 30/33 MP: 3/3
  1326 | D:2      | Reached skill level 4 in Axes
  1336 | D:2      | Noticed Robin
  1350 | D:2      | Killed Robin
  1354 | D:2      | Reached XP level 4. HP: 26/40 MP: 4/4
  2664 | D:3      | Became a worshipper of Beogh the Brigand
  2671 | D:3      | Noticed Sigmund
  2689 | D:3      | Reached skill level 5 in Axes
  2693 | D:3      | HP: 1/40 [something (10)]
  2993 | D:3      | Killed Sigmund
  2994 | D:3      | Reached skill level 6 in Axes
  2994 | D:3      | Reached XP level 5. HP: 42/47 MP: 5/5
  2994 | D:3      | Reached XP level 6. HP: 48/53 MP: 6/6
  3790 | D:3      | Found Nefaesyr's Magic Scroll Emporium.
  3798 | D:3      | Bought a scroll of identify for 22 gold pieces
  3798 | D:3      | Bought a scroll of identify for 22 gold pieces
  4263 | D:4      | Found a runed translucent door.
  4286 | D:4      | Reached skill level 1 in Dodging
  4532 | D:4      | Found a runed translucent door.
  4534 | D:4      | Noticed Elsvaer's ghost (weakling DECj)
  4648 | D:5      | Entered Level 5 of the Dungeon
  4663 | D:5      | Reached skill level 5 in Armour
  4663 | D:5      | Reached XP level 7. HP: 11/60 MP: 7/7
  4970 | D:4      | Killed Elsvaer's ghost
  4970 | D:4      | Reached * piety under Beogh
  4971 | D:4      | Reached skill level 1 in Staves
  6490 | D:5      | Found a staircase to the Ecumenical Temple.
  6776 | D:5      | Reached skill level 1 in Slings
  7112 | Temple   | Entered the Ecumenical Temple
  7827 | D:6      | Reached ** piety under Beogh
  7956 | D:6      | Reached skill level 7 in Axes
  7980 | D:6      | Reached skill level 5 in Fighting
  7980 | D:6      | Reached XP level 8. HP: 63/68 MP: 8/8
  8301 | D:6      | HP: 3/68 [something (4)]
  8652 | D:6      | Slain by an unseen horror

Illustrated notes

Levels and vault maps discovered:
D:1:      giann_horns, layout_rooms
D:2:      layout_loops_corners, serial_co_window_serial, co_window_paths_b,
          co_window_of_opportunity_a, co_window_of_opportunity_a,
          co_window_paths_b, co_window_corner_a, co_window_of_opportunity_c,
          co_window_corner_b, co_window_cross_4, co_window_broadway_c,
          co_window_2corner, co_window_corner_b, co_window_paths_c,
          glass_columns_c, uniq_robin
D:3:      layout_basic, cheibrodos_sewer_entry_bend, serial_shops,
          nicolae_shop_temple_entry_statues_fountains, minmay_misc_feat_encased,
          uniq_sigmund
D:4:      layout_basic, ebering_ghost_sewer_f
D:5:      layout_cave_pools, minmay_temple_entry_glass,
          hangedman_decor_opposing, grunt_ministairs_13
D:6:      layout_basic
Temple:   mainiacjoe_temple_archimedes_tessellation

Skill      XL: |  1  2  3  4  5  6  7 |
---------------+----------------------+-----
Axes           | 3 4 6 7 |  7.1
Fighting       | 4 5 |  5.1
Armour         | 4 5 |  5.8
Dodging        | 1 |  1.5
Staves         | 1 |  1.3
Shields        | 4 |  4.1
Slings         | 2 |  2.6
Stealth        | |  0.3

Action                   |  1- 3 |  4- 6 |  7- 9 || total
-------------------------+-------+-------+-------++-------
Melee: War axe           |   108 |    94 |    37 ||   239
       Staff             |       |    66 |    47 ||   113
       Hunting sling     |       |       |     6 ||     6
 Fire: Hunting sling     |       |       |   101 ||   101
Invok: Convert to Beogh  |       |     1 |       ||     1
  Use: Scroll            |       |     2 |     3 ||     5
Armor: Scale mail        |    56 |   113 |    16 ||   185
       Chain mail        |       |       |   126 ||   126
Dodge: Dodged            |    45 |   101 |    41 ||   187
Block: Buckler           |    23 |    47 |    43 ||   113
